 Dungeon Crawl Stone Soup version 0.21.1-1-g345015f (webtiles) character file.

626 letownia2 the Conjurer (level 7, 0/40 HPs)
             Began as a Tengu Wizard on Mar 5, 2018.
             Was an Initiate of Cheibriados.
             Killed by nerve-wracking pain
             ... invoked by Menkaure
              (13 damage)
             ... on level 6 of the Dungeon.
             The game lasted 00:10:10 (1581 turns).

letownia2 the Conjurer (Tengu Wizard)               Turns: 1581, Time: 00:10:11

Health: 0/40       AC:  4    Str:  8    XL:     7   Next: 47%
Magic:  9/13       EV: 14    Int: 21    God:    Cheibriados [......]
Gold:   155        SH:  0    Dex: 14    Spells: 2/13 levels left

rFire    . . .     SeeInvis .   a - +1 flail (protect)
rCold    . . .     Gourm    .   (no shield)
rNeg     . . .     Faith    .   p - +1 leather armour {rPois}
rPois    +         Spirit   .   b - +0 hat
rElec    .         Reflect  .   (no cloak)
rCorr    .         Harm     .   (no gloves)
MR       .....                  (boots unavailable)
Stlth    ++........             (no amulet)
HPRegen  0.13/turn              f - +1 ring of evasion
MPRegen  0.13/turn              (no ring)

@: very slow
A: beak, talons 3, able to fly 1
a: Fly, Bend Time, Renounce Religion


You were on level 6 of the Dungeon.
You worshipped Cheibriados.
Cheibriados was noncommittal.
You were not hungry.

You visited 2 branches of the dungeon, and saw 7 of its levels.

You collected 155 gold pieces.

Inventory:

Hand Weapons
 a - a +1 flail of protection (weapon)
 c - a +0 blowgun
 g - a +0 rapier
 q - a +0 spear
Missiles
 i - 17 poisoned needles
Armour
 b - a +0 hat (worn)
 n - a +0 robe
 p - a +1 leather armour of poison resistance (worn)
Jewellery
 f - a +1 ring of evasion (left hand)
Scrolls
 e - 3 scrolls of identify
 h - a scroll of fog {unknown}
 j - a scroll of amnesia {unknown}
 m - a scroll of random uselessness {unknown}
 o - a scroll of immolation {unknown}
 r - a scroll of blinking {unknown}
 s - a scroll of enchant weapon {unknown}
 w - a scroll of fear {unknown}
Potions
 l - a potion of resistance
 t - a potion of heal wounds
 u - a potion of curing
Books
 k - a book of Minor Magic

   Spells                             Type                      Level
   a - Magic Dart                     Conjuration                  1
   b - Blink                          Translocation                2
   c - Call Imp                       Summoning                    2
   d - Slow                           Hexes                        2
   e - Conjure Flame                  Conjuration/Fire             3
   f - Mephitic Cloud                 Conjuration/Poison/Air       3
Comestibles
 d - 9 rations
 v - a chunk of flesh


   Skills:
 + Level 2.3 Fighting
 - Level 2.4 Armour
 + Level 3.5 Dodging
 - Level 2.0 Stealth
 + Level 3.6 Spellcasting
 + Level 6.4 Conjurations
 - Level 1.2 Summonings
 - Level 0.7 Translocations
 - Level 1.7 Fire Magic
 - Level 3.4 Air Magic


You had 2 spell levels left.
You knew the following spells:

 Your Spells              Type           Power        Failure   Level  Hunger
a - Magic Dart            Conj           ####         1%          1    None
b - Blink                 Tloc           N/A          21%         2    ##.....
c - Conjure Flame         Conj/Fire      ###.....     10%         3    ###....
e - Mephitic Cloud        Conj/Pois/Air  ###.....     14%         3    ###....
i - Call Imp              Summ           #.......     16%         2    ##.....


Dungeon Overview and Level Annotations

Branches:
Dungeon (6/15)             Temple (1/1) D:5

Altars:
Ashenzari
Cheibriados
Dithmenos
Makhleb
Nemelex Xobeh
Sif Muna
Trog
Wu Jian
Yredelemnul
Zin

Annotations:
D:6 Menkaure


Innate Abilities, Weirdness & Mutations

You have a beak for a mouth.
You have claws for feet.
You can fly.


Message History

Press: ? - help, Shift-Dir - straight line, f - gnoll
Aim: a gnoll, wielding a club The ball explodes into a vile cloud!
The stinking cloud engulfs the gnoll.
The stinking cloud engulfs you!
The stinking cloud engulfs the orc.
The stinking cloud engulfs the gnoll.
The gnoll is engulfed in noxious fumes.
The gnoll appears confused.
Menkaure calls on the powers of darkness!
Your body is wracked with pain!
The orc convulses!
The gnoll convulses! x2
The scorpion convulses!
The gnoll convulses!
The orc is engulfed in noxious fumes.
The orc appears confused.
The gnoll is engulfed in noxious fumes.
The gnoll appears confused.
Unknown command.
You can't do that while held in a net.
You can't do that while held in a net.
You shred the net and break free!
The gnoll is engulfed in noxious fumes.
The gnoll hits the orc but does no damage.
The orc is engulfed in noxious fumes.
The orc appears confused.
Menkaure points at you and mumbles some strange words.
Pain shoots through your body!
You die...

............g
..........>.
#####...........
+...+...........
#...#......g..
#)..#...g§s.#
#...#...§g§.#
#...#..o@§§.#
#<..#.......#
#.M.#...M...#
#...#.......#
#...[.......#
#...#.......#
#...#.......#
#...########.
#....


You could see Menkaure, a scorpion, 4 gnolls and an orc (confused).

Vanquished Creatures
  A hornet (D:5)
  A sky beast (D:5)
  A water moccasin zombie (D:5)
  A howler monkey (D:4)
  A hound (D:5)
  An orc priest (D:5)
  A bullfrog skeleton (D:5)
  2 worker ants
  2 oozes
  2 dart slugs
  A worm (D:4)
  3 leopard geckos
  4 orcs
  A bat (D:1)
  2 giant cockroaches
  2 goblins (D:3)
  2 hobgoblins (D:3)
  A quokka (D:5)
  A ball python (D:4)
  2 kobolds
  A quokka skeleton (D:5)
  4 rats
37 creatures vanquished.

Vanquished Creatures (collateral kills)
  Edmund (D:4)
1 creature vanquished.

Grand Total: 38 creatures vanquished

Notes
Turn   | Place    | Note
-------+----------+-------------------------------------------
     0 | D:1      | letownia2 the Tengu Wizard began the quest for the Orb.
     0 | D:1      | Reached XP level 1. HP: 10/10 MP: 5/5
    43 | D:1      | Reached skill level 2 in Conjurations
   224 | D:3      | Reached XP level 2. HP: 15/15 MP: 2/7
   258 | D:3      | Reached skill level 3 in Conjurations
   263 | D:3      | Learned a level 2 spell: Call Imp
   568 | D:5      | Entered Level 5 of the Dungeon
   671 | D:4      | Noticed Edmund
   687 | D:4      | Reached XP level 3. HP: 19/19 MP: 5/8
   692 | D:4      | Learned a level 3 spell: Mephitic Cloud
   794 | D:4      | Killed Edmund
   794 | D:4      | Reached skill level 5 in Conjurations
   794 | D:4      | Reached XP level 4. HP: 24/24 MP: 1/9
   974 | D:4      | Gained mutation: You can fly. [Tengu growth]
   974 | D:4      | Reached XP level 5. HP: 28/28 MP: 4/10
  1095 | D:5      | Learned a level 3 spell: Conjure Flame
  1115 | D:5      | Found a staircase to the Ecumenical Temple.
  1129 | Temple   | Entered the Ecumenical Temple
  1163 | Temple   | Became a worshipper of Cheibriados the Contemplative
  1208 | D:5      | Found a glowing silver altar of Zin.
  1208 | D:5      | Noticed a sky beast
  1279 | D:5      | Killed a sky beast
  1279 | D:5      | Reached skill level 1 in Armour
  1279 | D:5      | Reached skill level 1 in Fire Magic
  1279 | D:5      | Reached XP level 6. HP: 33/33 MP: 1/11
  1306 | D:6      | Noticed Menkaure
  1316 | D:6      | Reached skill level 1 in Fighting
  1320 | D:6      | Learned a level 2 spell: Blink
  1346 | D:5      | Found a shattered altar of Ashenzari.
  1451 | D:5      | Noticed a hornet
  1461 | D:5      | Killed a hornet
  1461 | D:5      | Reached skill level 6 in Conjurations
  1461 | D:5      | Reached XP level 7. HP: 37/40 MP: 3/13
  1581 | D:6      | Killed from afar by Menkaure

Skill      XL: |  1  2  3  4  5  6 |
---------------+-------------------+-----
Conjurations   | 2 3 5 6 |  6.4
Air Magic      | 2 3 |  3.4
Armour         | 1 2 |  2.4
Fire Magic     | 1 |  1.7
Fighting       | 2 |  2.3
Dodging        | 3 |  3.5
Stealth        | |  2.0
Spellcasting   | |  3.6
Summonings     | |  1.2
Translocations | |  0.7

Action                   |  1- 3 |  4- 6 |  7- 9 || total
-------------------------+-------+-------+-------++-------
Melee: Unarmed           |    11 |       |       ||    11
       Kick              |     3 |     6 |     3 ||    12
       Hand axe          |       |     5 |       ||     5
       Flail             |       |    14 |    11 ||    25
       Peck              |       |     3 |     2 ||     5
 Fire: Blowgun           |       |    14 |       ||    14
 Cast: Magic Dart        |    37 |    10 |       ||    47
       Call Imp          |     5 |     2 |       ||     7
       Mephitic Cloud    |       |     7 |     2 ||     9
       Conjure Flame     |       |     3 |       ||     3
  Use: Potion            |     1 |       |       ||     1
       Scroll            |     2 |       |     2 ||     4
 Stab: Confused          |       |     1 |       ||     1
  Eat: Chunk             |       |     3 |     1 ||     4
Armor: Robe              |     3 |       |       ||     3
       Leather armour    |       |     5 |     1 ||     6
Dodge: Dodged            |    10 |    18 |    13 ||    41
